 Dungeon Crawl Stone Soup version 0.21.1-1-g345015fe64 (webtiles) character file.

22803 OlSheep the Earth Mage (level 13, -10/72 HPs)
             Began as a Gargoyle Earth Elementalist on July 18, 2018.
             Was a Priest of Vehumet.
             Mangled by a spriggan rider
             ... wielding a +0 spear
              (15 damage)
             ... on level 1 of the Swamp on July 20, 2018.
             The game lasted 02:28:10 (18014 turns).

OlSheep the Earth Mage (GrEE)                      Turns: 18014, Time: 02:28:12

Health: -10/72     AC: 19    Str: 17    XL:     13   Next: 2%
Magic:  36/36      EV: 12    Int: 20    God:    Vehumet [***...]
Gold:   997        SH:  0    Dex: 18    Spells: 14/32 levels left

rFire    . . .     SeeInvis .   a - +7 flail of Chagrin {protect, rC+ Dex+8}
rCold    + . .     Gourm    .   (no shield)
rNeg     + + +     Faith    .   c - +1 troll leather armour {Purgy}
rPois    ∞         Spirit   .   S - +1 hat {MR+}
rElec    +         Reflect  .   I - +0 cloak
rCorr    .         Harm     .   j - +0 pair of gloves
MR       +....                  (no boots)
Stlth    +.........             q - amulet of regeneration
HPRegen  1.02/turn              m - ring of Kaodik {Wiz rPois rN++ Str+2 Int+2}
MPRegen  0.25/turn              Q - ring of magical power

@: very slightly contaminated, invisible, very slow
A: negative energy resistance 1, electricity resistance, unbreathing,
petrification resistance, rot immunity, AC +9
a: Renounce Religion


You were on level 1 of the Swamp.
You worshipped Vehumet.
Vehumet was most pleased with you.
You were hungry.

You visited 5 branches of the dungeon, and saw 19 of its levels.
You also visited: Sewer.

You collected 997 gold pieces.

Inventory:

Hand Weapons
 a - the +7 flail of Chagrin (weapon) {protect, rC+ Dex+8}
   (You found it on level 2 of the Lair of Beasts)

   It protects the one who uses it against injury (+AC on strike).
   It affects your dexterity (+8).
   It protects you from cold.
 Y - a +4 morningstar of draining
Missiles
 h - 127 stones (quivered)
Armour
 c - a +1 troll leather armour (worn) {Purgy}
 j - a +0 pair of gloves (worn)
 I - a +0 cloak (worn)
 S - a +1 hat of magic resistance (worn)
 V - a +0 chain mail of cold resistance
Jewellery
 g - an uncursed ring of flight
 i - an uncursed ring of fire
 m - the ring of Kaodik (left hand) {Wiz rPois rN++ Str+2 Int+2}
   (You found it on level 1 of the Swamp)

   [ring of wizardry]

   It improves your spell success rate.
   It affects your strength (+2).
   It affects your intelligence (+2).
   It protects you from poison.
   It greatly protects you from negative energy.
 q - an amulet of regeneration (around neck)
 t - an uncursed ring of ice
 Q - a ring of magical power (right hand)
 U - an uncursed ring of protection from cold
Wands
 o - a wand of polymorph (16)
 E - a wand of paralysis (13)
 L - a wand of random effects (40)
 P - a wand of disintegration (13)
 R - a wand of digging (17)
Scrolls
 p - 5 scrolls of fear
 r - 7 scrolls of identify
 v - 2 scrolls of amnesia
 x - 3 scrolls of fog
 F - 8 scrolls of remove curse
 H - 2 scrolls of enchant weapon
 J - 4 scrolls of teleportation
Potions
 f - 2 potions of berserk rage
 k - a potion of brilliance
 n - a potion of agility
 s - 11 potions of curing
 u - 2 potions of ambrosia
 w - 2 potions of mutation
 z - 4 potions of flight
 A - a potion of resistance
 B - 4 potions of magic
 C - a potion of heal wounds
 D - 2 potions of might
 K - a potion of invisibility
 N - a potion of haste
 O - 2 potions of lignification
Books
 b - a book of Changes

   Spells                             Type                      Level
   a - Beastly Appendage              Transmutation                1
   b - Sticks to Snakes               Transmutation                2
   c - Spider Form                    Transmutation/Poison         3
   d - Ice Form                       Ice/Transmutation            4
   e - Blade Hands                    Transmutation                5
 e - a book of Geomancy

   Spells                             Type                      Level
   a - Sandblast                      Earth                        1
   b - Passwall                       Transmutation/Earth          2
   c - Stone Arrow                    Conjuration/Earth            3
   d - Petrify                        Transmutation/Earth          4
   e - Lee's Rapid Deconstruction     Earth                        5
 l - a book of Battle

   Spells                             Type                      Level
   a - Infusion                       Charms                       1
   b - Shroud of Golubria             Charms/Translocation         2
   c - Song of Slaying                Charms                       2
   d - Spectral Weapon                Hexes/Charms                 3
   e - Regeneration                   Charms/Necromancy            3
 W - a Young Poisoner's Handbook

   Spells                             Type                      Level
   a - Sting                          Conjuration/Poison           1
   b - Poisonous Vapours              Poison/Air                   2
   c - Mephitic Cloud                 Conjuration/Poison/Air       3
   d - Olgreb's Toxic Radiance        Poison                       4
   e - Venom Bolt                     Conjuration/Poison           5
 X - a book of Maledictions

   Spells                             Type                      Level
   a - Corona                         Hexes                        1
   b - Ensorcelled Hibernation        Hexes/Ice                    2
   c - Confuse                        Hexes                        3
   d - Tukima's Dance                 Hexes                        3
   e - Dazzling Spray                 Conjuration/Hexes            3
 Z - a book of Conjurations

   Spells                             Type                      Level
   a - Magic Dart                     Conjuration                  1
   b - Searing Ray                    Conjuration                  2
   c - Dazzling Spray                 Conjuration/Hexes            3
   d - Fulminant Prism                Conjuration/Hexes            4
   e - Force Lance                    Conjuration/Translocation    4
   f - Iskenderun's Mystic Blast      Conjuration                  4
Miscellaneous
 T - a phantom mirror
Comestibles
 d - 24 rations


   Skills:
 + Level 5.1 Fighting
 + Level 7.5 Maces & Flails
 + Level 6.1 Armour
 - Level 1.5 Dodging
 - Level 2.1 Stealth
 + Level 10.3 Spellcasting
 + Level 4.9 Conjurations
 - Level 1.2 Transmutations
 + Level 16.3 Earth Magic
 - Level 0.2 Evocations


You had 14 spell levels left.
You knew the following spells:

 Your Spells              Type           Power        Failure   Level  Hunger
a - Sandblast             Erth           ######       0%          1    None
b - Passwall              Tmut/Erth      #####.....   1%          2    None
c - Stone Arrow           Conj/Erth      ######       1%          3    None
d - Lee's Rapid Deconstr  Erth           ######....   1%          5    ####...
e - Petrify               Tmut/Erth      #####...     1%          4    ##.....
f - Mephitic Cloud        Conj/Pois/Air  ###.....     1%          3    None


Dungeon Overview and Level Annotations

Branches:
Dungeon (12/15)            Temple (1/1) D:7            Lair (4/6) D:11
  Swamp (1/4) Lair:2       Spider (1/4) Lair:2
    Orc: D:9-12

Altars:
Ashenzari
Cheibriados
Dithmenos
Elyvilon
Fedhas
Gozag
Hepliaklqana
Kikubaaqudgha
Makhleb
Nemelex Xobeh
Okawaru
Qazlal
Ru
Sif Muna
Trog
Uskayaw
Vehumet
Wu Jian
Xom
Yredelemnul
Zin
The Shining One

Annotations:
D:3 2 transporters
D:5 Grinder
D:11 exclusions: downstairs and oklob plant
D:12 Frances; motoroller71's ghost, journeyman GnGl
Lair:4 exclusion: oklob plant


Innate Abilities, Weirdness & Mutations

You are resistant to torment.
Your stone body is resilient. (AC +9)
You are immune to poison.
You resist negative energy. (rN+)
You are resistant to electric shocks. (rElec)
You can survive without breathing.
You are immune to petrification.
You are immune to rotting.


Message History

The hornet is heavily wounded.
h - 127 stones The spriggan rider hits you from afar with a spear!
You fade into invisibility!
The hornet stings you.
The spriggan rider hits you from afar with a spear!
* * * LOW HITPOINT WARNING * * *
The spriggan rider hits you but does no damage.
The hornet stings you but does no damage.
You are very lightly contaminated with residual magic.
Press: ? - help, v - describe, . - travel
Here: a hornet (heavily wounded)
The floor.
You enter the shallow water.
Moving in this stuff is going to be slow. ...and don't expect to remain undetected.
The spriggan rider hits you from afar with a spear!
* * * LOW HITPOINT WARNING * * *
The spriggan rider hits you from afar with a spear!
You die...

♣♣..≈≈≈≈♣≈..≈≈≈.♣♣≈..≈.≈≈.
♣♣..≈≈≈.≈≈≈..≈...♣♣♣♣...≈..
♣♣.≈§≈≈≈.≈♣.♣♣.♣..≈♣♣♣♣♣♣♣..
♣♣..≈≈≈♣≈.≈.<♣ ♣♣ ♣≈..≈.♣♣♣.≈
♣≈.≈≈≈≈≈≈.≈.♣♣ ♣.≈≈♣.....≈
.≈≈....≈.≈..♣ ♣♣.≈≈♣.≈♣≈..
.≈≈♣≈≈≈§≈♣.≈♣♣ ♣♣..♣≈≈.≈≈≈.♣
.≈≈≈≈.≈.♣♣.≈.♣♣♣♣.≈≈....≈≈..♣
..≈≈≈≈..♣≈≈≈@.♣♣≈.≈≈≈≈≈≈.≈≈≈≈
..≈§§≈.♣♣♣..y≈.≈≈♣≈≈≈≈≈≈.≈≈♣≈
≈≈♣≈... ♣♣ii........≈.....≈≈
...♣♣♣. ♣)≈≈♣.≈.♣♣≈§≈≈≈♣≈..
... .. ♣.≈§♣§§..≈≈≈≈≈≈.≈.. .♣
.§ ♣..≈♣≈≈♣≈♣≈≈≈≈≈.≈.≈ ≈.≈
♣..♣♣.≈.≈≈≈≈≈.≈≈≈.≈
♣♣....≈.≈≈≈...≈≈≈.♣
♣.♣♣≈.≈≈≈≈≈♣......


You could see 2 spriggan riders and a hornet.

Vanquished Creatures
  Gastronok (D:11)
  Fannar (Lair:3)
  4 hydras
  Erica (D:9)
  A two-headed ogre (D:8)
  An orb spider (Spider:1)
  A wolf spider (Spider:1)
  A centaur zombie (D:12)
  A black mamba (Lair:1)
  The ghost of Peloso the Shield-Bearer, a novice MiFi (D:4)
  4 torpor snails (Lair:2)
  A rime drake (Lair:2)
  4 spiny frogs
  2 komodo dragons
  A troll (D:11)
  A queen bee (D:11)
  A hornet (Lair:2)
  A jumping spider (Spider:1)
  5 hippogriffs
  A shadow (D:11)
  A redback (Spider:1)
  A spriggan (Swamp:1)
  3 wyverns
  10 yaks
  A vampire (D:9)
  A basilisk (Lair:2)
  2 swamp worms (Swamp:1)
  An acid dragon (D:11)
  6 water moccasins
  3 porcupines (Lair:2)
  2 orc warriors
  2 black bears
  Purgy (Sewer)
  An ice beast (D:7)
  2 sky beasts
  A necrophage (D:8)
  6 ogres
  A phantom (D:9)
  3 centaurs
  4 wolves (Lair:1)
  5 crocodiles
  2 big kobolds
  11 bullfrogs
  A wyvern zombie (D:11)
  A scorpion (D:6)
  22 killer bees
  4 wights (D:6)
  5 howler monkeys
  2 jellies (D:6)
  3 crimson imps
  A bullfrog zombie (D:7)
  2 quasits
  2 orc priests
  7 orc wizards
  4 hounds
  Crazy Yiuf (D:3)
  2 bullfrog skeletons
  5 iguanas
  6 worker ants
  A hound zombie (D:5)
  A howler monkey zombie (D:6)
  A howler monkey skeleton (D:4)
  6 adders
  5 shadow imps
  3 oozes
  An adder skeleton (D:7)
  An adder zombie (D:5)
  2 worms
  A dart slug (D:1)
  13 leopard geckos
  24 orcs
  8 giant cockroaches
  5 goblins
  5 hobgoblins
  12 jackals
  10 kobolds
  10 quokkas
  6 bats
  8 frilled lizards
  A leopard gecko skeleton (D:7)
  A quokka zombie (D:8)
  7 rats
  A plant (D:11)
305 creatures vanquished.

Notes
Turn   | Place    | Note
-------+----------+-------------------------------------------
     0 | D:1      | OlSheep the Gargoyle Earth Elementalist began the quest for the Orb.
     0 | D:1      | Reached XP level 1. HP: 10/10 MP: 3/3
   233 | D:1      | Reached skill level 4 in Earth Magic
   246 | D:1      | Reached XP level 2. HP: 15/15 MP: 0/5
   408 | D:1      | Learned a level 2 spell: Passwall
  1187 | D:2      | Reached XP level 3. HP: 19/19 MP: 4/6
  1637 | D:2      | Learned a level 3 spell: Stone Arrow
  2053 | D:3      | Found a transporter.
  2092 | D:3      | Found a transporter.
  2137 | D:3      | Reached XP level 4. HP: 21/24 MP: 4/8
  2149 | D:3      | Reached skill level 1 in Armour
  2186 | D:3      | Found a shadowy altar of Dithmenos.
  2364 | D:3      | Found a runed door.
  2368 | D:3      | Noticed Crazy Yiuf
  2482 | D:3      | Reached skill level 5 in Earth Magic
  2495 | D:3      | Found a glowing drain.
  2541 | Sewer    | Entered a sewer
  2795 | Sewer    | Noticed Purgy
  2806 | Sewer    | Killed Purgy
  2806 | Sewer    | Reached skill level 1 in Maces & Flails
  2806 | Sewer    | Reached XP level 5. HP: 14/28 MP: 9/9
  2899 | Sewer    | Reached skill level 1 in Fighting
  3210 | D:3      | Killed Crazy Yiuf
  3210 | D:3      | Reached XP level 6. HP: 20/34 MP: 2/11
  3324 | D:4      | Found a hide-covered altar of Uskayaw.
  3325 | D:4      | Noticed a hand axe
  3326 | D:4      | Noticed a dagger
  3487 | D:4      | Noticed Peloso's ghost (novice MiFi)
  4065 | D:4      | Reached skill level 1 in Conjurations
  4312 | D:5      | Entered Level 5 of the Dungeon
  4343 | D:5      | Reached XP level 7. HP: 38/38 MP: 8/12
  4440 | D:5      | Found a shimmering altar of Xom.
  4603 | D:5      | Found an opulent altar of Gozag.
  4701 | D:5      | Noticed Grinder
  4806 | D:4      | Killed Peloso's ghost
  4806 | D:4      | Reached skill level 6 in Earth Magic
  4806 | D:4      | Reached XP level 8. HP: 37/45 MP: 1/14
  5372 | D:6      | Reached skill level 5 in Spellcasting
  5529 | D:6      | Reached skill level 7 in Earth Magic
  6409 | D:6      | Reached skill level 8 in Earth Magic
  6561 | D:6      | Reached XP level 9. HP: 50/51 MP: 17/17
  6581 | D:6      | Learned a level 5 spell: Lee's Rapid Deconstruction
  6586 | D:6      | Learned a level 4 spell: Petrify
  6744 | D:6      | Reached skill level 1 in Transmutations
  7321 | D:7      | Reached skill level 9 in Earth Magic
  7701 | D:7      | Found a staircase to the Ecumenical Temple.
  7710 | Temple   | Entered the Ecumenical Temple
  7896 | Temple   | Became a worshipper of Vehumet
  7991 | D:8      | Reached skill level 5 in Maces & Flails
  8562 | D:8      | Reached skill level 10 in Earth Magic
  8678 | D:8      | Noticed a two-headed ogre
  8686 | D:8      | Killed a two-headed ogre
  8686 | D:8      | Reached XP level 10. HP: 34/56 MP: 11/20
  8860 | D:8      | Reached * piety under Vehumet
  8860 | D:8      | Offered knowledge of Freeze by Vehumet.
  9167 | D:9      | Reached skill level 11 in Earth Magic
  9182 | D:9      | Noticed Erica
  9339 | D:9      | Found a snail-covered altar of Cheibriados.
  9638 | D:10     | Entered Level 10 of the Dungeon
  9919 | D:10     | Got a blackened trident
 10902 | D:11     | Found a staircase to the Lair.
 10902 | D:11     | Noticed an oklob plant
 10933 | D:11     | Noticed Gastronok
 11081 | D:9      | Offered knowledge of Throw Frost by Vehumet.
 11081 | D:9      | Reached skill level 12 in Earth Magic
 11197 | D:9      | Reached ** piety under Vehumet
 11582 | D:9      | Killed Erica
 11582 | D:9      | Reached XP level 11. HP: 61/61 MP: 23/23
 11828 | D:9      | Found a snail-covered altar of Cheibriados.
 12084 | Lair:1   | Entered Level 1 of the Lair of Beasts
 12255 | Lair:1   | Reached skill level 13 in Earth Magic
 12506 | Lair:1   | Noticed a six-headed hydra
 12629 | Lair:1   | Killed a six-headed hydra
 12783 | Lair:1   | Identified the cursed +3 trident of Paryrez {speed, Str-5 Dex+5} (You found it on level 10 of the Dungeon)
 13025 | Lair:1   | Offered knowledge of Throw Flame by Vehumet.
 13181 | Lair:2   | Noticed Fannar
 13498 | D:11     | Reached skill level 14 in Earth Magic
 13499 | D:11     | Reached *** piety under Vehumet
 13833 | D:11     | Killed Gastronok
 13833 | D:11     | Reached XP level 12. HP: 67/67 MP: 4/25
 14139 | D:12     | Noticed motoroller71's ghost (journeyman GnGl)
 14160 | D:12     | Noticed Frances
 14415 | Lair:2   | Found a snail-covered altar of Cheibriados.
 14448 | Lair:2   | Reached skill level 10 in Spellcasting
 14448 | Lair:2   | Reached skill level 15 in Earth Magic
 14623 | Lair:2   | Learned a level 3 spell: Mephitic Cloud
 14677 | Lair:2   | Found a staircase to the Swamp.
 14704 | Swamp:1  | Entered Level 1 of the Swamp
 14708 | Swamp:1  | Noticed a seven-headed hydra
 14745 | Lair:2   | Got a crude flail
 14768 | Lair:2   | Identified the +7 flail of Chagrin {protect, rC+ Dex+8} (You found it on level 2 of the Lair of Beasts)
 14781 | Lair:2   | Found a hole to the Spider Nest.
 15807 | Lair:2   | Found a hole to the Spider Nest.
 15863 | Lair:2   | Found a staircase to the Swamp.
 16184 | Lair:2   | Found a snail-covered altar of Cheibriados.
 16514 | Lair:3   | Killed Fannar
 16535 | Lair:3   | Reached skill level 5 in Armour
 16619 | Lair:3   | Offered knowledge of Ignite Poison by Vehumet.
 17509 | Lair:4   | Noticed an eight-headed hydra
 17514 | Lair:4   | Killed an eight-headed hydra
 17538 | Lair:4   | Noticed a death yak
 17545 | Lair:4   | Noticed a death yak
 17545 | Lair:4   | Noticed a death yak
 17662 | Swamp:1  | Killed a seven-headed hydra
 17723 | Spider:1 | Entered Level 1 of the Spider Nest
 17728 | Spider:1 | Reached skill level 5 in Fighting
 17729 | Spider:1 | Reached skill level 16 in Earth Magic
 17843 | Swamp:1  | Got a bound tin ring
 17852 | Swamp:1  | Identified the ring of Kaodik {Wiz rPois rN++ Str+2 Int+2} (You found it on level 1 of the Swamp)
 17971 | Swamp:1  | Noticed an eight-headed hydra
 17977 | Swamp:1  | Killed an eight-headed hydra
 17977 | Swamp:1  | Reached XP level 13. HP: 61/72 MP: 27/27
 18014 | Swamp:1  | Mangled by a spriggan rider

Skill      XL: |  1  2  3  4  5  6  7  8  9 10 11 12 |
---------------+-------------------------------------+-----
Earth Magic    | 4 5 6 8 10 12 14 16 | 16.3
Armour         | 2 3 4 6 |  6.1
Spellcasting   | 3 4 5 6 8 9 10 | 10.3
Maces & Flails | 1 3 4 5 6 7 |  7.5
Fighting       | 1 2 3 4 5 |  5.1
Conjurations   | 1 2 3 4 |  4.9
Transmutations | 1 |  1.2
Dodging        | |  1.5
Stealth        | |  2.1
Evocations     | |  0.2

Action                   |  1- 3 |  4- 6 |  7- 9 | 10-12 | 13-15 || total
-------------------------+-------+-------+-------+-------+-------++-------
Melee: Club              |    84 |     2 |       |       |       ||    86
       Unarmed           |    10 |       |       |       |       ||    10
       Mace              |       |   196 |    62 |       |       ||   258
       Morningstar       |       |       |   103 |   127 |       ||   230
       Flail             |       |       |       |    24 |       ||    24
 Fire: Hunting sling     |       |    14 |    33 |     4 |       ||    51
 Cast: Sandblast         |    25 |    11 |    48 |   156 |     4 ||   244
       Stone Arrow       |       |    10 |    93 |   101 |       ||   204
       Passwall          |       |       |     3 |       |       ||     3
       Lee's Rapid Decon |       |       |     1 |    41 |       ||    42
       Petrify           |       |       |       |    14 |       ||    14
 Abil: Evoke Flight      |       |     1 |       |       |       ||     1
Evoke: Wand              |       |       |       |     1 |       ||     1
  Use: Potion            |       |     4 |     1 |     1 |     1 ||     7
       Scroll            |       |    17 |     3 |     9 |       ||    29
 Stab: Sleeping          |     3 |     2 |     3 |       |       ||     8
       Paralysed         |       |       |       |     3 |       ||     3
  Eat: Chunk             |     4 |     8 |    16 |    27 |       ||    55
       Ration            |       |       |     2 |     4 |       ||     6
Armor: Leather armour    |    39 |    52 |       |       |       ||    91
       Robe              |     4 |       |       |       |       ||     4
       Troll leather arm |       |    52 |   104 |   104 |     2 ||   262
       Chain mail        |       |       |       |    14 |       ||    14
Dodge: Dodged            |    72 |   168 |   104 |   143 |       ||   487
